 Dungeon Crawl Stone Soup version 0.21-a0-314-gb3271ec (webtiles) character file.

342442 tidbits the Black Belt (level 21, -12/178 HPs)
             Began as a Pale Draconian Necromancer on Sept 27, 2017.
             Was the Champion of Makhleb.
             Killed from afar by a quicksilver dragon (42 damage)
             ... with a bolt of dispelling energy
             ... on level 5 of the Vaults on Sept 29, 2017.
             The game lasted 07:28:41 (26234 turns).

tidbits the Black Belt (DrNe)                      Turns: 26234, Time: 07:28:42

Health: -12/178    AC: 23    Str: 12    XL:     21   Next: 11%
Magic:  4/39       EV: 23    Int: 24    God:    Makhleb [******]
Gold:   1215       SH:  7    Dex: 17    Spells: 1/49 levels left

rFire    + . .     SeeInvis .     - Unarmed
rCold    + . .     Gourm    .   D - +2 buckler {AC+3}
rNeg     + + +     Faith    .   (armour unavailable)
rPois    .         Spirit   .   (helmet restricted)
rElec    .         Reflect  .   C - +2 cloak {+Inv}
rCorr    .         Harm     .   G - +2 pair of gloves
MR       +++++     Clarity  +   F - +2 pair of boots
Stlth    +++.......             H - amulet of the Four Winds {rN+ MR+++ Clar}
HPRegen  0.39/turn              u - ring "Fybby" {rF+ rN++}
MPRegen  0.26/turn              W - ring of the Mage {Wiz MR++ Int+3}

@: no status effects
A: breathe steam, unfitting armour, stinger 1, berserk 3, clever 1, cold
resistance 1, cold-blooded, AC +11
}: 2/15 runes: decaying, gossamer
a: Breathe Steam, Minor Destruction, Lesser Servant of Makhleb, Major
Destruction, Greater Servant of Makhleb, Renounce Religion, Evoke Invisibility


You were on level 5 of the Vaults.
You worshipped Makhleb.
Makhleb was exalted by your worship.
You were not hungry.

You visited 8 branches of the dungeon, and saw 40 of its levels.
You also visited: Desolation.

You collected 4682 gold pieces.
You spent 3467 gold pieces at shops.

Inventory:

Missiles
 o - 679 arrows
 Y - a throwing net (quivered) {!f}
Armour
 C - a +2 cloak of invisibility (worn)
   (You found it in the Desolation of Salt)
 D - a +2 buckler of protection (worn)
   (You took it off a deep elf knight on level 1 of the Elven Halls)
 F - a +2 pair of boots (worn)
 G - a +2 pair of gloves (worn)
Magical Staves
 e - an uncursed staff of energy {!a}
   (You found it on level 4 of the Swamp)
Jewellery
 u - the ring "Fybby" (left hand) {rF+ rN++}
   (You found it in the Desolation of Salt)

   [ring of protection from fire]

   It protects you from fire.
   It greatly protects you from negative energy.
 H - the amulet of the Four Winds (around neck) {rN+ MR+++ Clar}
   (You found it on level 4 of the Spider Nest)

   [amulet of nothing]

   It protects you from negative energy.
   It affects your resistance to hostile enchantments.
   It protects you against confusion.
 I - an uncursed ring of see invisible
   (You took it off a deep elf master archer on level 3 of the Elven Halls)
 K - an uncursed ring of resist corrosion
   (You took it off a deep elf mage on level 3 of the Elven Halls)
 P - an uncursed ring of poison resistance
   (You acquired it on level 5 of the Lair of Beasts)
 W - the ring of the Mage (right hand) {Wiz MR++ Int+3}
   (You found it on level 3 of the Vaults)

   [ring of wizardry]

   It improves your spell success rate.
   It affects your intelligence (+3).
   It affects your resistance to hostile enchantments.
Wands
 c - a wand of paralysis (15/24)
 d - a wand of digging (8/24)
 E - a wand of disintegration (4/24)
 U - a wand of clouds (1/9)
Scrolls
 a - 3 scrolls of vulnerability
 l - a scroll of identify
 r - 13 scrolls of remove curse
 s - 4 scrolls of fear
 t - a scroll of teleportation
 x - 2 scrolls of immolation
 J - a scroll of summoning
 M - 11 scrolls of amnesia
 R - a scroll of silence
Potions
 j - 5 potions of lignification
 k - 7 potions of flight
 n - 5 potions of heal wounds
 p - 3 potions of cancellation
 q - 3 potions of haste
 v - 7 potions of curing
 y - 2 potions of magic
 A - 4 potions of brilliance
 L - 2 potions of resistance
 O - 4 potions of might
 S - a potion of agility
 V - 3 potions of mutation {!q}
Books
 z - a book of Callings
   (You found it on level 3 of the Elven Halls)

   Spells                             Type                      Level
   a - Summon Small Mammal            Summoning                    1
   b - Call Imp                       Summoning                    2
   c - Call Canine Familiar           Summoning                    3
   d - Summon Guardian Golem          Hexes/Summoning              3
   e - Summon Lightning Spire         Summoning/Air                4
   f - Summon Ice Beast               Ice/Summoning                4
Miscellaneous
 f - a phantom mirror
 T - 2 boxes of beasts
 X - a lamp of fire
Comestibles
 b - 15 bread rations
 g - 4 chunks of flesh


   Skills:
 + Level 13.2 Fighting
 + Level 14.2 Dodging
 - Level 5.4 Stealth
 - Level 4.0 Shields
 - Level 17.6 Unarmed Combat
 - Level 14.7 Spellcasting
 - Level 3.1 Conjurations
 - Level 2.0 Charms
 - Level 3.2 Summonings
 - Level 11.6 Necromancy
 - Level 8.1 Translocations
 - Level 12.6 Transmutations
 - Level 2.0 Ice Magic
 - Level 4.0 Air Magic
   Level 1.2 Poison Magic
 - Level 16.0 Invocations
 - Level 6.0 Evocations


You had one spell level left.
You knew the following spells:

 Your Spells              Type           Power        Failure   Level  Hunger
b - Blink                 Tloc           N/A          1%          2    None
d - Death Channel         Necr           ######....   1%          6    ####...
h - Blade Hands           Tmut           ######....   1%          5    ##.....
k - Sticks to Snakes      Tmut           ######..     1%          2    None
l - Lesser Beckoning      Tloc           ######....   1%          3    None
n - Animate Skeleton      Necr           N/A          1%          1    None
o - Ozocubu's Armour      Chrm/Ice       ####....     1%          3    None
p - Passage of Golubria   Tloc           N/A          1%          4    None
r - Regeneration          Chrm/Necr      ######....   1%          3    None
u - Control Undead        Necr           ######....   1%          4    None
w - Passwall              Tmut/Erth      #####.....   1%          2    None
L - Summon Lightning Spi  Summ/Air       #####...     3%          4    None
N - Animate Dead          Necr           N/A          1%          4    None
R - Irradiate             Conj/Tmut      ######....   1%          5    ##.....


Dungeon Overview and Level Annotations

Branches:
Dungeon (15/15)            Temple (0/1) D:5            Lair (6/6) D:11
  Swamp (4/4) Lair:4       Spider (4/4) Lair:2        Slime (0/5) Lair:6
    Orc (2/2) D:9             Elf (3/3) Orc:2        Vaults (5/5) D:14
 Depths (1/5) D:15
  Crypt: Vaults:2-3

Altars:
Cheibriados
Hepliaklqana
Kikubaaqudgha
Makhleb
Ru
Uskayaw
Yredelemnul

Shops:
Orc:2 ?:?[   Elf:2 :   Vaults:4 !

Portals:
Hell: Lair:6
Pandemonium: Orc:2
Trove: D:11 (give 7 potions of haste)

Annotations:
D:1 exclusion: gnoll
D:3 Robin
Elf:2 3 runed doors


Innate Abilities, Weirdness & Mutations

You can breathe blasts of scalding, opaque steam.
Your pale cyan-grey scales are hard. (AC +11)
You cannot fit into any form of body armour.
You are cold-blooded and may be slowed by cold attacks.
Your tail ends in a poisonous barb.
You have an uncontrollable temper.
Your mind is acute. (Int +2)
Your flesh is cold resistant. (rC+)


Message History

You hit the quicksilver dragon. You tail-slap the quicksilver dragon.
The quicksilver dragon is moderately wounded.
The quicksilver dragon bites you but does no damage.
The quicksilver dragon completely misses you.
Your vault sentinel skeleton is engulfed in a cloud of scalding steam.
Your vault sentinel skeleton barely misses the quicksilver dragon.
You punch the quicksilver dragon!
The quicksilver dragon is moderately wounded.
The quicksilver dragon breathes dispelling energy at you.
The bolt of dispelling energy hits you!
* * * LOW HITPOINT WARNING * * *
You pummel the quicksilver dragon!!
The quicksilver dragon is heavily wounded.
You block the quicksilver dragon's attack.
The quicksilver dragon claws you!
* * * LOW HITPOINT WARNING * * *
Your vault sentinel skeleton barely misses the quicksilver dragon.
You closely miss the quicksilver dragon.
The quicksilver dragon is heavily wounded.
You block the quicksilver dragon's attack.
The quicksilver dragon claws you but does no damage.
You closely miss the quicksilver dragon.
The quicksilver dragon is heavily wounded.
The quicksilver dragon misses you.
The quicksilver dragon completely misses you.
You hear a distant "Zot"!
You closely miss the quicksilver dragon.
The quicksilver dragon is heavily wounded.
Your vault sentinel skeleton hits the quicksilver dragon but does no damage.
The quicksilver dragon misses you.
The quicksilver dragon barely misses you.
You closely miss the quicksilver dragon.
The quicksilver dragon is heavily wounded.
You have got your breath back.
The quicksilver dragon misses you. x2
You closely miss the quicksilver dragon.
The quicksilver dragon is heavily wounded.
Your vault sentinel skeleton hits the quicksilver dragon with a long sword.
The quicksilver dragon closely misses you. x2
You barely miss the quicksilver dragon.
The quicksilver dragon is heavily wounded.
The quicksilver dragon breathes dispelling energy at you.
The bolt of dispelling energy misses you.
You miss the quicksilver dragon.
Your tail-slap misses the quicksilver dragon.
The quicksilver dragon is heavily wounded.
Your vault sentinel skeleton hits the quicksilver dragon with a long sword!
You block the quicksilver dragon's attack. x2
You punch the quicksilver dragon!
You tail-slap the quicksilver dragon, but do no damage.
The quicksilver dragon is severely wounded.
The quicksilver dragon misses you.
You block the quicksilver dragon's attack.
You punch the quicksilver dragon!
The quicksilver dragon is severely wounded.
The quicksilver dragon bites you!
* * * LOW HITPOINT WARNING * * *
The quicksilver dragon misses you.
Your vault sentinel skeleton hits the quicksilver dragon but does no damage.
You hit the quicksilver dragon.
The quicksilver dragon is almost dead.
The quicksilver dragon breathes dispelling energy at you.
The bolt of dispelling energy hits you!
* * * LOW HITPOINT WARNING * * *
You hit the quicksilver dragon but do no damage.
The quicksilver dragon is almost dead.
The quicksilver dragon misses you.
The quicksilver dragon completely misses you.
Your vault sentinel skeleton closely misses the quicksilver dragon.
You punch the quicksilver dragon! You tail-slap the quicksilver dragon.
The quicksilver dragon is almost dead.
The quicksilver dragon bites you!
* * * LOW HITPOINT WARNING * * *
The quicksilver dragon barely misses you.
You closely miss the quicksilver dragon.
The quicksilver dragon is almost dead.
The quicksilver dragon bites you!
* * * LOW HITPOINT WARNING * * *
The quicksilver dragon misses you.
Your vault sentinel skeleton barely misses the quicksilver dragon.
You hit the quicksilver dragon.
The quicksilver dragon is almost dead.
You block the quicksilver dragon's attack.
The quicksilver dragon claws you but does no damage.
You hear a distant "Zot"!
You hit the quicksilver dragon but do no damage.
The quicksilver dragon is almost dead.
The quicksilver dragon breathes dispelling energy at you.
The bolt of dispelling energy misses you.
You hit the quicksilver dragon but do no damage.
The quicksilver dragon is almost dead.
Your vault sentinel skeleton hits the quicksilver dragon but does no damage.
The quicksilver dragon completely misses you.
The quicksilver dragon claws you but does no damage.
You punch the quicksilver dragon!
You tail-slap the quicksilver dragon, but do no damage.
The quicksilver dragon is almost dead.
The quicksilver dragon breathes dispelling energy at you.
The bolt of dispelling energy hits you!
You die...

....###. C. .## .. ....##.. .
..##.. ....##.# D# #.##..
....##.## #.# # ##.##..
....##.%##uC# #..##..##..
....#§2.Z.Z# #(.....#..
....2)Z##### #.....
...ZZZ#######################)...
....8.Z.........@DZ..†.....).....
....1§%..............))...%).....
#################################


You could see a quicksilver dragon and a friendly vault sentinel skeleton.

Vanquished Creatures
  Margery (Vaults:4)
  3 tentacled monstrosities
  2 deep elf master archers
  2 deep elf blademasters (Elf:3)
  A titan (Vaults:5)
  A quicksilver dragon (Vaults:5)
  4 sphinxes
  A shadow dragon (Vaults:5)
  3 storm dragons (Vaults:5)
  3 tengu reavers (Vaults:5)
  A fire giant (Vaults:5)
  An azure jelly (Elf:1)
  An orc warlord (Vaults:4)
  A frost giant (Vaults:5)
  3 ghost moths (Spider:4)
  6 vault wardens
  4 deep elf sorcerers (Elf:3)
  An imperial myrmidon (Desolation)
  3 emperor scorpions
  7 ironheart preservers
  4 deep elf elementalists (Elf:3)
  4 entropy weavers
  6 stone giants
  3 very ugly things
  8 deep elf demonologists
  2 dire elephants (Lair:6)
  A halazid warlock (Desolation)
  Azrael (Orc:2)
  6 deep elf annihilators
  2 spark wasps
  8 deep elf death magi
  5 crystal guardians (Desolation)
  2 ettins
  9 ragged hierophants (Desolation)
  A fire dragon (Vaults:2)
  8 yaktaur captains
  Harold (D:12)
  Fannar (Lair:2)
  2 deep elf high priests (Elf:3)
  Erolcha (Orc:1)
  5 peacekeepers
  4 servants of whispers (Desolation)
  15 vault guards
  6 centaur warriors
  17 hydras
  An ice dragon (Vaults:3)
  A ghost crab (Swamp:4)
  2 catoblepae
  6 ogre magi
  10 alligators
  14 dancing weapons
  7 two-headed ogres
  2 death yaks (Lair:5)
  An orc high priest (Elf:1)
  A shock serpent (Elf:2)
  A spriggan berserker (Swamp:4)
  7 hell knights
  21 deep elf knights
  A soul eater (Orc:2)
  A skeletal warrior (D:14)
  Sonja (Lair:4)
  A small abomination (Elf:3)
  14 slime creatures
  2 deep trolls
  2 shadow wraiths (Vaults:2)
  8 swamp dragons
  21 deep elf archers
  A glowing orange brain (Vaults:4)
  3 unseen horrors
  2 shambling mangroves
  A flayed ghost (Vaults:3)
  3 wizards
  3 harpies (Vaults:2)
  8 ironbrand convokers
  6 necromancers
  An orange crystal statue (Elf:3)
  9 orc knights
  22 ugly things
  5 orb spiders
  6 orc sorcerers
  A human zombie (Vaults:3)
  70 deep elf magi
  3 cyclopes
  2 manticores
  2 centaur zombies (D:15)
  14 wolf spiders
  A moth of wrath (Spider:4)
  2 guardian serpents (Desolation)
  3 elephants
  8 vault sentinels
  A torpor snail (Spider:4)
  3 orange demons (Lair:6)
  3 black mambas
  2 naga magi (D:15)
  2 gargoyles
  2 smoke demons
  An eye of devastation (Lair:6)
  15 spiny frogs
  A kobold demonologist (D:15)
  A rime drake (shapeshifter) (Vaults:2)
  3 rime drakes
  11 yaktaurs
  7 komodo dragons
  3 freezing wraiths
  13 demonic crawlers
  An ice devil (Lair:6)
  9 trolls
  14 jumping spiders
  4 tyrant leeches
  5 meliai
  A queen bee (D:13)
  A red devil (Lair:6)
  14 hornets
  7 blink frogs
  A meliai (shapeshifter) (Vaults:3)
  6 bog bodies
  2 dream sheep (Lair:5)
  45 saltlings (Desolation)
  A hippogriff (shapeshifter) (Vaults:1)
  2 centaur simulacra (D:15)
  10 hippogriffs
  2 large abominations (Elf:1)
  A spriggan (Swamp:3)
  40 yaks
  5 air elementals
  10 redbacks
  A shadow (Swamp:1)
  4 wyverns
  2 vampires
  A redback (shapeshifter) (Vaults:3)
  3 water elementals
  4 fire elementals
  15 tarantellas
  A wraith (D:13)
  A basilisk (Lair:1)
  18 vampire mosquitoes
  2 hungry ghosts
  4 wargs
  14 swamp worms
  30 insubstantial wisps
  14 water moccasins
  2 soldier ants
  3 hell hounds (Lair:6)
  5 porcupines
  35 orc warriors
  10 swamp drakes
  A sky beast (D:9)
  3 ice beasts
  A necrophage (D:15)
  A hornet zombie (D:14)
  3 wolves (Lair:2)
  3 eyes of draining
  14 ogres
  6 centaurs
  14 crocodiles
  16 bullfrogs
  6 elf zombies (Elf:1)
  3 earth elementals
  A wyvern skeleton (D:11)
  8 killer bees (D:13)
  4 wights
  An electric eel (Lair:2)
  A bullfrog zombie (D:5)
  4 howler monkeys
  5 crimson imps
  A bullfrog skeleton (D:8)
  4 centaur skeletons
  3 hounds
  A jelly (D:14)
  20 orc priests
  15 orc wizards
  Jessica (D:2)
  11 worker ants
  Natasha (D:4)
  8 iguanas
  4 lightning spires (Elf:2)
  A hound skeleton (D:7)
  2 worker ant zombies
  2 howler monkey zombies (D:7)
  7 gnolls
  6 adders
  An adder (shapeshifter) (Elf:1)
  6 shadow imps
  2 oozes
  An adder zombie (D:8)
  2 adder skeletons
  A ball lightning (Elf:2)
  10 leopard geckos
  93 orcs
  3 giant cockroaches
  9 goblins
  9 hobgoblins
  17 jackals
  2 kobolds
  A quokka (D:3)
  A ball python (D:3)
  5 bats
  11 frilled lizards
  2 leopard gecko skeletons
  A leopard gecko zombie (D:5)
  A quokka skeleton (D:5)
  6 rats
  A fungus (Lair:6)
  A plant (Lair:4)
1258 creatures vanquished.

Vanquished Creatures (collateral kills)
  An ancient lich (Vaults:5)
  A sphinx (Vaults:5)
  A tengu reaver (Vaults:5)
  Donald (Elf:2)
  A frost giant (Vaults:3)
  A vault warden (Vaults:3)
  5 ironheart preservers
  3 very ugly things
  3 ettins
  A deep elf death mage (Elf:3)
  A great orb of eyes (Vaults:3)
  2 ragged hierophants (Desolation)
  A rakshasa (Vaults:2)
  An ice dragon (Vaults:3)
  3 vault guards
  A yaktaur captain (Vaults:5)
  2 peacekeepers (Desolation)
  3 alligators
  9 hydras (Swamp:4)
  A deep troll shaman (Vaults:3)
  A death yak (Lair:5)
  A spriggan berserker (Swamp:4)
  3 spriggans
  4 hell knights
  2 slime creatures
  5 orc high priests (Orc:2)
  2 deep trolls (Vaults:3)
  A glowing orange brain (Vaults:4)
  A spriggan druid (Swamp:4)
  An infernal demonspawn (Orc:2)
  A glowing orange brain (shapeshifter) (Vaults:4)
  3 deep elf archers
  2 ironbrand convokers (Vaults:2)
  4 swamp dragons
  5 harpies (Vaults:3)
  4 orc knights
  A wolf spider zombie (D:14)
  9 orb spiders
  6 wolf spiders
  8 deep elf magi
  A cyclops (Vaults:2)
  2 orc sorcerers (Orc:2)
  3 elephants (Lair:5)
  A rust devil (Orc:2)
  3 vault sentinels
  A guardian serpent (Desolation)
  2 spiny frogs (Swamp:2)
  2 smoke demons (Orc:2)
  A freezing wraith (Vaults:3)
  5 yaktaurs (Vaults:4)
  3 demonic crawlers
  A hellwing (Orc:2)
  A human skeleton (Vaults:3)
  3 jumping spiders (Spider:4)
  A troll (Orc:2)
  4 hornets
  A meliai (Spider:4)
  A tyrant leech (Swamp:4)
  4 blink frogs (Lair:6)
  10 saltlings (Desolation)
  5 dream sheep (Lair:5)
  A bog body (Swamp:1)
  An air elemental (Elf:2)
  8 tarantellas
  A shadow (D:11)
  4 yaks
  12 redbacks
  A wyvern (D:11)
  A basilisk (Lair:6)
  4 fire elementals (Orc:2)
  7 vampire mosquitoes
  A hungry ghost (D:11)
  3 swamp worms
  A warg (Orc:2)
  4 insubstantial wisps
  A soldier ant (D:14)
  A porcupine (Lair:1)
  2 hell hounds (Orc:2)
  3 water moccasins
  8 orc warriors
  An eye of draining (D:14)
  An ice beast (D:9)
  2 phantoms (D:10)
  A swamp drake (Swamp:4)
  A human zombie (Vaults:3)
  5 ogres
  3 crocodiles
  3 bullfrogs
  A bullfrog (shapeshifter) (Vaults:4)
  A wyvern skeleton (D:13)
  2 killer bees
  2 wights
  3 crimson imps
  A hound (D:11)
  5 orc priests
  2 bullfrog skeletons (D:9)
  7 orc wizards
  5 iguanas (Lair:2)
  3 worker ants
  4 gnolls
  An adder (D:11)
  28 orcs
  A goblin (D:3)
  2 frilled lizards
  A rat (D:6)
  A spectral orc (D:9)
  2 butterflies (Lair:2)
  A fungus (Lair:6)
  2 plants (Lair:6)
317 creatures vanquished.

Vanquished Creatures (others)
  A deep elf elementalist (Elf:3)
  An ice dragon (Vaults:4)
  A sun demon (Lair:6)
  An orc high priest (Orc:2)
  A shadow wraith (Vaults:4)
  An unseen horror (D:15)
  A deep elf mage (Elf:2)
  A yaktaur (Vaults:4)
  An ice devil (Lair:6)
  2 saltlings (Desolation)
  An air elemental (Elf:2)
  A water elemental (Elf:2)
  A sky beast (Elf:2)
  2 ball lightnings (Elf:2)
  2 orcs (Orc:2)
  3 fungi
  A plant (Lair:4)
22 creatures vanquished.

Grand Total: 1597 creatures vanquished

Notes
Turn   | Place    | Note
-------+----------+-------------------------------------------
     0 | D:1      | tidbits the Draconian Necromancer began the quest for the Orb.
     0 | D:1      | Reached XP level 1. HP: 14/14 MP: 3/3
   309 | D:2      | Reached XP level 2. HP: 14/20 MP: 0/5
   443 | D:2      | Noticed Jessica
   447 | D:2      | Killed Jessica
   447 | D:2      | Reached XP level 3. HP: 19/26 MP: 0/6
   452 | D:2      | Learned a level 3 spell: Vampiric Draining
   598 | D:1      | Reached skill level 5 in Necromancy
   957 | D:3      | Noticed Natasha
   968 | D:4      | Killed Natasha
   968 | D:4      | Reached XP level 4. HP: 19/33 MP: 0/7
  1193 | D:3      | Learned a level 3 spell: Regeneration
  1195 | D:3      | Learned a level 1 spell: Animate Skeleton
  1214 | D:3      | Noticed Robin
  1547 | D:3      | Reached skill level 3 in Spellcasting
  1606 | D:3      | Reached XP level 5. HP: 31/38 MP: 1/9
  1624 | D:3      | Found a faded altar of an unknown god.
  1808 | D:5      | Entered Level 5 of the Dungeon
  1853 | D:5      | Found a burning altar of Makhleb.
  1861 | D:5      | Became a worshipper of Makhleb the Destroyer
  1906 | D:4      | Reached skill level 6 in Necromancy
  1998 | D:6      | Noticed an ice beast
  2014 | D:5      | Noticed an ogre
  2076 | D:5      | Reached XP level 6. HP: 18/45 MP: 3/11
  2152 | D:5      | Found a staircase to the Ecumenical Temple.
  2429 | D:6      | Found an ancient bone altar of Kikubaaqudgha.
  2475 | D:6      | Reached skill level 7 in Necromancy
  2596 | D:6      | Reached skill level 2 in Dodging
  2667 | D:6      | Killed an ice beast
  2667 | D:6      | Reached skill level 1 in Fighting
  2667 | D:6      | Reached skill level 4 in Spellcasting
  2667 | D:6      | Your scales start taking on a pale cyan-grey colour.
  2667 | D:6      | Reached XP level 7. HP: 34/52 MP: 2/13
  2695 | D:6      | Reached skill level 2 in Fighting
  2723 | D:6      | Learned a level 4 spell: Control Undead
  2751 | D:6      | Reached skill level 3 in Dodging
  2917 | D:7      | Reached * piety under Makhleb
  2917 | D:7      | Reached skill level 3 in Fighting
  2923 | D:7      | Reached skill level 5 in Spellcasting
  2945 | D:7      | Noticed a hippogriff
  2954 | D:7      | Killed a hippogriff
  2954 | D:7      | Reached XP level 8. HP: 53/66 MP: 4/15
  2986 | D:7      | Reached skill level 4 in Dodging
  2989 | D:7      | Reached skill level 4 in Fighting
  3084 | D:7      | Learned a level 4 spell: Animate Dead
  3098 | D:7      | Found a hazy altar of Hepliaklqana.
  3290 | D:8      | Found a snail-covered altar of Cheibriados.
  3292 | D:8      | Reached skill level 5 in Fighting
  3312 | D:7      | Killed an unseen horror
  3312 | D:7      | Reached skill level 6 in Fighting
  3312 | D:7      | Reached skill level 5 in Dodging
  3312 | D:7      | Reached XP level 9. HP: 58/75 MP: 13/17
  3427 | D:8      | Reached ** piety under Makhleb
  3453 | D:9      | Noticed a troll
  3457 | D:9      | Killed a troll
  3457 | D:9      | Reached skill level 6 in Dodging
  3460 | D:9      | Reached skill level 7 in Fighting
  3477 | D:9      | Gained mutation: Your tail ends in a poisonous barb. [mutagenic meat]
  3478 | D:9      | Gained mutation: Your flesh is cold resistant. (rC+) [mutagenic meat]
  3479 | D:9      | Gained mutation: You tend to lose your temper in combat. [mutagenic meat]
  3480 | D:9      | Gained mutation: Your mind is acute. (Int +2) [mutagenic meat]
  3637 | D:8      | Found a hide-covered altar of Uskayaw.
  3752 | D:8      | Reached skill level 7 in Dodging
  3753 | D:8      | Reached skill level 8 in Fighting
  3773 | D:8      | Noticed a two-headed ogre
  3907 | D:10     | Entered Level 10 of the Dungeon
  3961 | D:9      | Reached skill level 9 in Fighting
  3965 | D:9      | Reached skill level 8 in Dodging
  3965 | D:9      | Reached XP level 10. HP: 91/91 MP: 18/18
  4017 | D:9      | Noticed a cyclops
  4049 | D:9      | Killed a cyclops
  4358 | D:10     | Reached *** piety under Makhleb
  4410 | D:11     | Found a basalt altar of Yredelemnul.
  4421 | D:11     | Noticed a two-headed ogre
  4425 | D:11     | Killed a two-headed ogre
  4425 | D:11     | Reached skill level 10 in Fighting
  4425 | D:11     | Reached skill level 9 in Dodging
  4441 | D:11     | Noticed a manticore
  4470 | D:11     | Killed a manticore
  4682 | D:11     | Reached skill level 11 in Fighting
  4695 | D:11     | Found a staircase to the Lair.
  4808 | D:11     | Reached XP level 11. HP: 102/102 MP: 14/19
  4835 | D:11     | Found a portal to a secret trove of treasure.
  5172 | D:10     | Reached skill level 10 in Dodging
  5214 | D:9      | Reached skill level 1 in Unarmed Combat
  5222 | D:9      | Found a staircase to the Orcish Mines.
  5231 | D:9      | Reached **** piety under Makhleb
  5306 | D:9      | Found a basalt altar of Yredelemnul.
  5390 | Orc:1    | Entered Level 1 of the Orcish Mines
  5392 | Orc:1    | Noticed an orc sorcerer
  5401 | D:9      | Reached skill level 2 in Unarmed Combat
  5429 | D:9      | Reached skill level 3 in Unarmed Combat
  5583 | D:9      | Noticed a sixfirhy
  5588 | D:9      | Killed an orc sorcerer
  5588 | D:9      | Reached skill level 4 in Unarmed Combat
  5634 | Orc:1    | Noticed an orc knight
  5637 | Orc:1    | Noticed Erolcha
  5723 | D:9      | Killed an orc knight
  5723 | D:9      | Reached skill level 5 in Unarmed Combat
  5794 | Orc:1    | Killed Erolcha
  5794 | Orc:1    | Reached skill level 6 in Unarmed Combat
  5966 | Orc:2    | Entered Level 2 of the Orcish Mines
  6026 | Orc:2    | Noticed an orc sorcerer
  6072 | Orc:2    | Reached ***** piety under Makhleb
  6133 | Orc:2    | Reached skill level 7 in Unarmed Combat
  6351 | Orc:2    | Learned a level 3 spell: Mephitic Cloud
  6449 | Orc:2    | Killed an orc sorcerer
  6449 | Orc:2    | Reached skill level 1 in Conjurations
  6449 | Orc:2    | Reached skill level 1 in Air Magic
  6449 | Orc:2    | Reached skill level 1 in Poison Magic
  6480 | Orc:2    | Learned a level 2 spell: Sticks to Snakes
  6551 | Orc:2    | Reached skill level 6 in Spellcasting
  6551 | Orc:2    | Reached skill level 1 in Transmutations
  6553 | Orc:2    | Found a staircase to the Elven Halls.
  6555 | Orc:2    | Noticed an orc knight
  6584 | Orc:2    | Killed an orc knight
  6584 | Orc:2    | Reached skill level 2 in Transmutations
  6690 | Orc:2    | Noticed an orc knight
  6721 | Orc:2    | Killed an orc knight
  6721 | Orc:2    | Reached skill level 2 in Invocations
  6834 | Orc:2    | Found Tias's Magic Scroll Emporium.
  6850 | Orc:2    | Reached skill level 3 in Invocations
  6949 | Orc:2    | Found Gagogewn's Magic Scroll Shoppe.
  6965 | Orc:2    | Reached skill level 4 in Invocations
  6978 | Orc:2    | Reached XP level 12. HP: 109/110 MP: 6/21
  6990 | Orc:2    | Bought a scroll of teleportation for 36 gold pieces
  6990 | Orc:2    | Bought a scroll of identify for 24 gold pieces
  6990 | Orc:2    | Bought a scroll of identify for 24 gold pieces
  6994 | Orc:2    | Bought a scroll of blinking for 120 gold pieces
  6994 | Orc:2    | Bought a scroll of fear for 56 gold pieces
  6994 | Orc:2    | Bought a scroll of identify for 32 gold pieces
  6994 | Orc:2    | Bought a scroll of identify for 32 gold pieces
  6994 | Orc:2    | Bought a scroll of identify for 32 gold pieces
  6994 | Orc:2    | Bought a scroll of identify for 32 gold pieces
  7203 | Orc:2    | Killed an orc high priest
  7342 | Orc:2    | Reached skill level 8 in Unarmed Combat
  7348 | Orc:2    | Reached skill level 3 in Transmutations
  7371 | Orc:2    | Noticed an orc high priest
  7386 | Orc:2    | Killed an orc high priest
  7423 | Orc:2    | Noticed Azrael
  7435 | Orc:2    | Killed Azrael
  7436 | Orc:2    | Noticed an orc high priest
  7437 | Orc:2    | Noticed an orc high priest
  7441 | Orc:2    | HP: 9/110 [orc sorcerer/bolt of fire (28)]
  7475 | Orc:2    | Killed an orc high priest
  7475 | Orc:2    | Reached skill level 4 in Transmutations
  7485 | Orc:2    | Killed an orc high priest
  7485 | Orc:2    | Reached skill level 9 in Unarmed Combat
  7485 | Orc:2    | Reached skill level 7 in Spellcasting
  7583 | Orc:2    | Noticed an orc high priest
  7594 | Orc:2    | Killed an orc high priest
  7688 | Orc:2    | Noticed an orc high priest
  7792 | Orc:2    | Killed an orc high priest
  7820 | Orc:2    | Found Toosuser's Book Shop.
  7820 | Orc:2    | Found Fofioj's Antique Armour Boutique.
  7820 | Orc:2    | Found a one-way gate leading to the halls of Pandemonium.
  7826 | Orc:2    | Upgraded the game from 0.21-a0-286-g6fcecc0 to 0.21-a0-297-ga3d34c2
  7832 | Orc:2    | Bought a book of Geomancy for 595 gold pieces
  7868 | Orc:2    | Bought a scroll of amnesia for 42 gold pieces
  7870 | Orc:2    | Bought a scroll of magic mapping for 56 gold pieces
  7870 | Orc:2    | Bought a scroll of magic mapping for 56 gold pieces
  7870 | Orc:2    | Bought a scroll of magic mapping for 56 gold pieces
  7872 | Orc:2    | Bought a scroll of enchant armour for 90 gold pieces
  8097 | D:12     | Got a fine trident
  8098 | D:12     | Identified the +7 trident "Forphimn" {flame, Str+8} (You found it on level 12 of the Dungeon)
  8208 | D:12     | Learned a level 5 spell: Blade Hands
  8249 | D:13     | Noticed a centaur warrior
  8249 | D:13     | Reached skill level 5 in Transmutations
  8256 | D:13     | Killed a centaur warrior
  8256 | D:13     | Reached skill level 6 in Transmutations
  8296 | D:13     | Noticed a two-headed ogre
  8308 | D:13     | Killed a two-headed ogre
  8309 | D:13     | Reached skill level 8 in Spellcasting
  8554 | D:14     | Reached skill level 7 in Transmutations
  8554 | D:14     | Reached XP level 13. HP: 75/116 MP: 19/25
  8729 | D:15     | Entered Level 15 of the Dungeon
  8944 | D:14     | Reached skill level 8 in Transmutations
  9112 | D:12     | Noticed Harold
  9124 | D:12     | Killed Harold
  9124 | D:12     | Reached skill level 10 in Unarmed Combat
  9268 | Lair:1   | Entered Level 1 of the Lair of Beasts
  9436 | Lair:1   | Reached skill level 1 in Shields
  9529 | Lair:2   | Reached skill level 2 in Shields
  9535 | Lair:2   | Noticed Fannar
  9549 | Lair:2   | Killed Fannar
  9549 | Lair:2   | Reached skill level 3 in Shields
  9648 | Lair:2   | Reached skill level 4 in Shields
  9762 | Lair:2   | Learned a level 2 spell: Passwall
  9802 | Lair:1   | Reached skill level 9 in Spellcasting
 10079 | Lair:2   | Found a hole to the Spider Nest.
 10299 | Lair:4   | Noticed Sonja
 10502 | Lair:5   | Reached skill level 11 in Unarmed Combat
 10564 | Lair:5   | Reached skill level 10 in Spellcasting
 10574 | Lair:5   | Reached ****** piety under Makhleb
 10696 | Lair:5   | Reached XP level 14. HP: 114/123 MP: 8/28
 10713 | Lair:5   | You fall through a shaft!
 10713 | Lair:6   | Entered Level 6 of the Lair of Beasts
 11004 | Lair:6   | Learned a level 3 spell: Ozocubu's Armour
 11007 | Lair:6   | Learned a level 2 spell: Blink
 11060 | Lair:6   | Reached skill level 12 in Unarmed Combat
 11257 | Lair:6   | Reached skill level 1 in Ice Magic
 11258 | Lair:6   | Reached skill level 1 in Charms
 11369 | Lair:6   | Reached skill level 2 in Charms
 11369 | Lair:6   | Reached skill level 2 in Ice Magic
 11458 | Lair:5   | Reached skill level 11 in Spellcasting
 11629 | Lair:4   | Killed Sonja
 11732 | Lair:4   | Found a staircase to the Swamp.
 12125 | Lair:6   | Found a staircase to the Slime Pits.
 12265 | Lair:6   | Found a burning altar of Makhleb.
 12309 | Lair:6   | Reached skill level 12 in Spellcasting
 12319 | Lair:6   | Found a gateway to Hell.
 12331 | Lair:6   | Got a warped golden amulet
 12405 | Lair:5   | Identified the amulet of Atoech {RegenMP rF- rN+ Str+4} (You found it on level 6 of the Lair of Beasts)
 12408 | Lair:5   | Identified a scroll of acquirement
 12473 | Swamp:1  | Entered Level 1 of the Swamp
 12850 | Swamp:1  | Reached skill level 12 in Fighting
 12858 | Swamp:1  | Reached XP level 15. HP: 92/131 MP: 22/31
 13080 | Swamp:2  | Reached skill level 13 in Unarmed Combat
 13297 | Swamp:2  | Noticed a tentacled monstrosity
 13317 | Swamp:2  | Killed a tentacled monstrosity
 13389 | Swamp:2  | Learned a level 5 spell: Irradiate
 13540 | Swamp:3  | Reached skill level 2 in Conjurations
 13575 | Swamp:4  | Entered Level 4 of the Swamp
 13582 | Swamp:4  | Reached skill level 9 in Transmutations
 13668 | Swamp:3  | Reached skill level 3 in Conjurations
 13859 | Swamp:4  | Reached skill level 10 in Transmutations
 14060 | Swamp:4  | Reached skill level 11 in Transmutations
 14169 | Swamp:4  | Reached skill level 12 in Transmutations
 14392 | Swamp:4  | Got a decaying rune of Zot
 14441 | Swamp:4  | Reached XP level 16. HP: 140/140 MP: 22/32
 14583 | Swamp:2  | Got an iridescent morningstar
 14584 | Swamp:2  | Identified the +2 morningstar "Undertaker" {crush, rPois rF+++ Str-3 Int+7} (You found it on level 2 of the Swamp)
 14819 | Spider:1 | Entered Level 1 of the Spider Nest
 15078 | Spider:1 | Reached skill level 1 in Evocations
 15158 | Spider:2 | Reached skill level 11 in Dodging
 15326 | Spider:3 | Reached skill level 14 in Unarmed Combat
 16000 | Spider:4 | Entered Level 4 of the Spider Nest
 16105 | Spider:4 | Found the amulet of the Four Winds {rN+ MR+++ Clar}
 16227 | Spider:4 | Reached skill level 15 in Unarmed Combat
 16765 | Spider:4 | Reached skill level 16 in Unarmed Combat
 16877 | Spider:4 | Got a gossamer rune of Zot
 17347 | Elf:1    | Entered Level 1 of the Elven Halls
 17476 | Elf:1    | Reached XP level 17. HP: 93/148 MP: 3/33
 17529 | Elf:1    | Found a ruined gateway.
 17568 | Desolati | Entered the Desolation of Salt
 17782 | Desolati | Reached skill level 17 in Unarmed Combat
 17830 | Desolati | Reached skill level 13 in Spellcasting
 17886 | Desolati | Gained mutation: You often lose your temper in combat. [mutagenic glow]
 17910 | Desolati | Identified Pokharchoda's Collected Works on Excruciating Intoxication
 17920 | Desolati | Got a warped bronze ring
 17929 | Desolati | Got a scorched hand axe
 17997 | Desolati | Identified the ring "Hotinao" {Fire *Slow MR+ Str+3 Int+3} (You found it in the Desolation of Salt)
 18014 | Desolati | HP: 8/148 [halazid warlock/bolt of negative energy (25)]
 18265 | Desolati | Got a glittering iron ring
 18317 | Desolati | Identified the ring "Fybby" {rF+ rN++} (You found it in the Desolation of Salt)
 18318 | Desolati | Upgraded the game from 0.21-a0-297-ga3d34c2 to 0.21-a0-314-gb3271ec
 18354 | Elf:1    | Reached skill level 2 in Evocations
 18451 | Elf:1    | Reached skill level 3 in Evocations
 18607 | Elf:2    | Reached skill level 4 in Evocations
 18668 | Elf:2    | Found a runed gate.
 18687 | Elf:2    | Found a runed gate.
 18703 | Elf:2    | Reached skill level 5 in Invocations
 18710 | Elf:2    | Found a runed gate.
 18750 | Elf:2    | Reached skill level 5 in Evocations
 18761 | Elf:2    | Noticed Donald
 18838 | Elf:1    | Reached XP level 18. HP: 40/155 MP: 21/35
 19108 | Elf:1    | Reached skill level 6 in Invocations
 19295 | Elf:1    | Reached skill level 6 in Evocations
 19376 | Elf:1    | Identified the Collected Works on Stolen Souls
 19423 | Elf:2    | Reached skill level 12 in Dodging
 19423 | Elf:2    | Reached skill level 1 in Translocations
 19503 | Elf:2    | Found Biyfuh's Book Shoppe.
 19590 | Elf:2    | Reached skill level 2 in Translocations
 19605 | Elf:2    | Reached skill level 7 in Invocations
 19663 | Elf:2    | Reached skill level 3 in Translocations
 19792 | Elf:2    | Killed Donald
 19792 | Elf:2    | Reached skill level 4 in Translocations
 19899 | Elf:2    | Learned a level 3 spell: Lesser Beckoning
 19900 | Elf:3    | Entered Level 3 of the Elven Halls
 20177 | Elf:2    | HP: 6/155 [deep elf master archer/arrow (19)]
 20297 | Elf:3    | Reached skill level 5 in Translocations
 20407 | Elf:2    | Reached skill level 13 in Dodging
 20476 | Elf:3    | Reached skill level 6 in Translocations
 20671 | Elf:3    | Reached skill level 7 in Translocations
 20788 | Elf:3    | Reached XP level 19. HP: 161/161 MP: 18/36
 20838 | Elf:3    | Got a shimmering ivory ring
 20840 | Elf:3    | Identified the ring of Moiwnic {Ice MR+} (You found it on level 3 of the Elven Halls)
 20903 | Elf:3    | Reached skill level 8 in Translocations
 20928 | Elf:3    | Learned a level 4 spell: Passage of Golubria
 21094 | Elf:3    | Reached skill level 8 in Invocations
 21342 | Elf:2    | Identified the Catalogue of the Monk
 21430 | Orc:2    | Reached skill level 9 in Invocations
 21434 | Orc:2    | Bought the Handbook of Dislocated Stones for 1462 gold pieces
 21539 | D:11     | Learned a level 6 spell: Death Channel
 21766 | D:14     | Found a gate to the Vaults.
 21772 | D:14     | Reached skill level 10 in Invocations
 21938 | D:15     | Reached skill level 11 in Invocations
 22111 | D:15     | Found a sacrificial altar of Ru.
 22543 | D:15     | Reached skill level 12 in Invocations
 22558 | D:15     | Reached skill level 8 in Necromancy
 22559 | D:15     | Found a staircase to the Depths.
 22565 | Depths:1 | Entered Level 1 of the Depths
 22636 | Vaults:1 | Entered Level 1 of the Vaults
 22962 | Vaults:3 | Found the ring of the Mage {Wiz MR++ Int+3}
 23098 | Vaults:4 | Reached skill level 2 in Stealth
 23270 | Vaults:4 | Reached skill level 13 in Invocations
 23275 | Vaults:4 | HP: 16/161 [orc warlord/bolt (28)]
 23360 | Vaults:4 | Reached skill level 3 in Stealth
 23701 | Vaults:3 | Reached skill level 9 in Necromancy
 23717 | Vaults:3 | Reached skill level 14 in Spellcasting
 23859 | Vaults:3 | Reached skill level 4 in Stealth
 24016 | Vaults:3 | Reached XP level 20. HP: 163/169 MP: 9/38
 24028 | Vaults:3 | Reached skill level 5 in Stealth
 24141 | Vaults:2 | Reached skill level 14 in Invocations
 24789 | Vaults:4 | Reached skill level 10 in Necromancy
 24869 | Vaults:4 | HP: 12/169 [cyan very ugly thing (20)]
 24882 | Vaults:4 | Gained mutation: You have an uncontrollable temper. [mutagenic glow]
 25164 | Vaults:4 | Reached skill level 15 in Invocations
 25226 | Vaults:4 | Found Pyxuch's Distillery.
 25232 | Vaults:4 | Bought a potion of might for 76 gold pieces
 25232 | Vaults:4 | Bought 2 potions of heal wounds for 190 gold pieces
 25232 | Vaults:4 | Bought a potion of agility for 76 gold pieces
 25232 | Vaults:4 | Bought 2 potions of resistance for 380 gold pieces
 25344 | Vaults:4 | Noticed Margery
 25352 | Vaults:4 | Killed Margery
 25501 | Vaults:4 | Learned a level 4 spell: Summon Lightning Spire
 25504 | Vaults:5 | Entered Level 5 of the Vaults
 25506 | Vaults:5 | Noticed a golden dragon
 25507 | Vaults:5 | Found the +7 captain's cutlass {speed, disarm}
 25507 | Vaults:5 | Noticed an ancient lich
 25559 | Vaults:5 | Reached skill level 1 in Summonings
 25564 | Vaults:5 | Reached skill level 2 in Air Magic
 25570 | Vaults:5 | Reached skill level 2 in Summonings
 25587 | Vaults:5 | Reached skill level 3 in Air Magic
 25660 | Vaults:5 | Reached skill level 3 in Summonings
 25675 | Vaults:5 | Reached skill level 11 in Necromancy
 25675 | Vaults:5 | Reached skill level 4 in Air Magic
 25813 | Vaults:5 | Reached skill level 16 in Invocations
 26025 | Vaults:5 | Noticed a golden dragon
 26085 | Vaults:5 | Reached skill level 14 in Dodging
 26091 | Vaults:5 | Reached XP level 21. HP: 68/177 MP: 19/39
 26093 | Vaults:5 | Noticed an ancient lich
 26132 | Vaults:5 | Reached skill level 13 in Fighting
 26141 | Vaults:5 | HP: 11/178 [yaktaur captain (11)]
 26150 | Vaults:5 | Killed an ancient lich
 26234 | Vaults:5 | Killed from afar by a quicksilver dragon

Vault maps used:
D:1:      saegor_arrival_simple_f
D:2:      uniq_jessica
D:3:      chequers_ecumenical_altar_island, uniq_robin, uniq_natasha
D:4:      minmay_overflow_temple_star_quad, first_bread, uniq_duvessa
D:5:      lemuel_coloured_pillars_altar, minmay_temple_entry_nine_rooms
D:6:      lemuel_crystal_altar
D:7:      nicolae_overflow_crystal_walls
D:8:      lemuel_doored_altar, kennysheep_little_box,
          amethyst_overflow_temple_binary
D:9:      grunt_dithmenos_shadows, yredelemnul_forgotten_temple_becter,
          hiddenorc2_lemuel
D:10:     serial_glass, glass_columns_a, glass_columns_b, glass_columns_a,
          glass_columns_c
D:11:     lair_entry_dummy, basic_altar, nicolae_trove_entry_diagonal
D:12:     uniq_harold
D:13:     david_nohive_1
D:14:     lightli_vaults_fourway_checkpoint
D:15:     grunt_enter_depths_magical_seal, minmay_strange_pillars,
          hangedman_decor_lopped, nicolae_ru_awakened_eye
Lair:2:   lemuel_reptile_caves, spider_nest_entry_web_field,
          lemuel_fruit_fields, uniq_fannar
Lair:4:   minmay_swamp_entry_swarm, uniq_sonja
Lair:6:   evil_forest, minmay_slime_entry_eyes
Swamp:1:  wheals_swamp_sinkhole, infiniplex_staircase_pool_2
Swamp:2:  cheibrodos_swamp_monstrosity, evilmike_swamp_ruin_house_4
Swamp:3:  evilmike_swamp_ruin_rubble_2, infiniplex_staircase_pool
Swamp:4:  swamp_basic_johnstein
Spider:3: uniq_aizul
Spider:4: guppyfry_spider_rune, spiders_nest_the_unseen
Orc:1:    uniq_erolcha
Orc:2:    pf_orc_diabolical, guppyfry_library_mini, uniq_azrael
Elf:1:    elf_arrival_002, portal_ice_cave_entry_frozen_things,
          portal_desolation_entry_twin_temple, minmay_elf_necromancy
Elf:2:    serial_shops, shop, hangedman_elf_targetted_burst,
          hangedman_research_electronics, uniq_saint_roka, uniq_donald
Elf:3:    grunt_elf_hall_spiral, st_stairs_10, minivault_15
Vaults:1: grunt_tower_of_power, nicolae_vaults_circle_grid_a, v_misc_23,
          ontoclasm_vaults_pinch, nicolae_vaults_little_squares_1,
          vaults_dpeg_hooks
Vaults:2: v_pattern_1, vaults_room_boxed, st_octagons_2,
          nicolae_vaults_ring_of_whatevers, minmay_crypt_entry_necro_gods,
          nicolae_vaults_network_barrier, hangedman_vaults_stretched_pinwheel,
          ontoclasm_vaults_decontamination, vaults_standard_mumra_x,
          ontoclasm_vaults_chip, nicolae_vaults_mini_display_case
Vaults:3: nicolae_vaults_alarming, v_misc_23, grunt_vaults_diagonal,
          v_alt_pattern_5, vaults_room_grunt_arrival_checkpoint,
          hangedman_vaults_nodes, ontoclasm_vaults_chip,
          nicolae_vaults_little_squares_1, hangedman_vaults_capsules,
          ontoclasm_vaults_water_temple, serial_ice_g, v_misc_14,
          ontoclasm_vaults_fault
Vaults:4: vaults_room_pool, nicolae_vaults_an_arrangement,
          nicolae_vaults_little_squares_4, hangedman_vaults_snaps,
          nicolae_vaults_network_s, ontoclasm_vaults_gateway, v_rooms_6,
          hangedman_vaults_pinch, dpeg_vaults_monster_box,
          ontoclasm_vaults_chip, nicolae_vaults_little_squares_2, serial_shops,
          shop_statue, uniq_margery
Vaults:5: uniq_mennas, uniq_sojobo, uniq_frederick
Depths:1: pan_entry, pf_hell_entry_tar_river, nicolae_benzene_ring, minivault_1,
          hangedman_decor_diamond_cutter, nicolae_ashenzari_panopticon

Skill      XL: |  1  2  3  4  5  6  7  8  9 10 11 12 13 14 15 16 17 18 19 20 21 |
---------------+----------------------------------------------------------------+-----
Necromancy     | 5 6 7 9 11 | 11.6
Spellcasting   | 3 4 5 6 8 10 12 13 14 | 14.7
Dodging        | 2 3 5 8 9 10 11 13 14 | 14.2
Fighting       | 1 3 6 9 11 12 13 | 13.2
Unarmed Combat | 7 9 11 12 13 16 17 | 17.6
Conjurations   | 1 3 |  3.1
Air Magic      | 1 4 |  4.0
Poison Magic   | 1 |  1.2
Transmutations | 2 7 8 12 | 12.6
Invocations    | 4 5 7 13 16 | 16.0
Shields        | 4 |  4.0
Ice Magic      | 2 |  2.0
Charms         | 2 |  2.0
Evocations     | 1 5 6 |  6.0
Translocations | 7 8 |  8.1
Stealth        | 4 5 |  5.4
Summonings     | 3 |  3.2

Action                   |  1- 3 |  4- 6 |  7- 9 | 10-12 | 13-15 | 16-18 | 19-21 || total
-------------------------+-------+-------+-------+-------+-------+-------+-------++-------
Melee: Unarmed           |    13 |       |       |   149 |   961 |  1107 |   952 ||  3182
       Dagger            |     9 |    36 |    12 |       |       |       |       ||    57
       Tailslap          |     2 |     6 |    16 |    43 |   116 |   126 |   126 ||   435
       Short sword       |       |    30 |    50 |       |       |       |       ||    80
       Long sword        |       |       |    29 |   236 |       |       |       ||   265
       Punch             |       |       |       |    13 |    36 |    79 |    77 ||   205
       Morningstar       |       |       |       |       |       |     3 |       ||     3
 Fire: Hunting sling     |     6 |    52 |     1 |       |       |       |       ||    59
       Blowgun           |       |       |       |       |       |    16 |       ||    16
Throw: Tomahawk          |       |       |     4 |       |       |       |       ||     4
 Cast: Pain              |    38 |    80 |    46 |    87 |       |       |       ||   251
       Vampiric Draining |     1 |     9 |     8 |    35 |       |       |       ||    53
       Animate Skeleton  |       |     8 |    15 |    58 |    68 |    26 |    17 ||   192
       Regeneration      |       |     3 |     5 |    53 |    55 |    77 |    67 ||   260
       Control Undead    |       |       |     5 |     1 |       |     2 |       ||     8
       Animate Dead      |       |       |       |    19 |    13 |    21 |    30 ||    83
       Sticks to Snakes  |       |       |       |     3 |    47 |    93 |    25 ||   168
       Mephitic Cloud    |       |       |       |     1 |       |       |       ||     1
       Blade Hands       |       |       |       |     4 |    98 |    92 |    73 ||   267
       Passwall          |       |       |       |       |     7 |    40 |    23 ||    70
       Ozocubu's Armour  |       |       |       |       |    14 |     4 |     1 ||    19
       Irradiate         |       |       |       |       |     3 |    11 |     3 ||    17
       Blink             |       |       |       |       |       |     1 |    24 ||    25
       Lesser Beckoning  |       |       |       |       |       |     1 |    14 ||    15
       Passage of Golubr |       |       |       |       |       |       |    17 ||    17
       Death Channel     |       |       |       |       |       |       |    19 ||    19
       Summon Lightning  |       |       |       |       |       |       |     6 ||     6
Invok: Lesser Servant of |       |       |       |    26 |     5 |    36 |     5 ||    72
       Minor Destruction |       |       |       |     6 |       |       |     2 ||     8
       Greater Servant o |       |       |       |       |       |       |     7 ||     7
 Abil: Breathe Steam     |       |       |    24 |    73 |    54 |    37 |    27 ||   215
       End Transformatio |       |       |       |     1 |    32 |    33 |     8 ||    74
       Evoke Invisibilit |       |       |       |       |       |     3 |     4 ||     7
       Evoke Flight      |       |       |       |       |       |       |     1 ||     1
Evoke: Wand              |       |       |     1 |    28 |     6 |     2 |     7 ||    44
       Lamp of fire      |       |       |       |       |       |     1 |       ||     1
       Box of beasts     |       |       |       |       |       |     1 |       ||     1
       Sack of spiders   |       |       |       |       |       |       |     1 ||     1
  Use: Scroll            |       |     6 |     1 |    20 |    31 |    17 |    15 ||    90
       Potion            |       |     3 |       |     3 |     1 |    20 |    12 ||    39
 Stab: Sleeping          |       |       |     2 |     1 |     1 |     1 |     5 ||    10
       Distracted        |       |       |       |     5 |     7 |    12 |    15 ||    39
       Confused          |       |       |       |     2 |       |       |       ||     2
       Invisible         |       |       |       |       |       |     1 |    10 ||    11
  Eat: Chunk             |     1 |     8 |    13 |    32 |    17 |    14 |     4 ||    89
       Royal jelly       |       |       |       |     1 |     2 |     4 |     6 ||    13
       Meat ration       |       |       |       |       |     5 |     2 |     3 ||    10
       Fruit             |       |       |       |       |     7 |     2 |     8 ||    17
       Bread ration      |       |       |       |       |     1 |       |     1 ||     2
Armor: Skin              |    11 |    22 |    40 |    92 |   276 |   317 |   168 ||   926
Dodge: Dodged            |    32 |    74 |   117 |   395 |   693 |   963 |   611 ||  2885
Block: Other             |       |       |     1 |    88 |    28 |       |       ||   117
       Reflection        |       |       |       |     3 |     1 |       |       ||     4
       Buckler           |       |       |       |       |   116 |    40 |    32 ||   188
       Rpst.: Long sword |       |       |    15 |    68 |       |       |       ||    83

Table legend:
 A = Spawn XP
 B = Non-spawn XP
 C = Spawn XP percentage of total XP
 D = Spawn monster count
 E = Non-spawn monster count
 F = Spawn count percentage of total count
 G = Total turns spent on level
                    A         B        C        D         E        F      G
               +---------+---------+-------+---------+---------+-------+---------
         Total |       0 |  598607 |   0.0 |       0 |    1573 |   0.0 | 26234
               +---------+---------+-------+---------+---------+-------+---------
           D:1 |       0 |      25 |   0.0 |       0 |      15 |   0.0 |   604
           D:2 |       0 |      64 |   0.0 |       0 |      11 |   0.0 |   373
           D:3 |       0 |      83 |   0.0 |       0 |      36 |   0.0 |   666
           D:4 |       0 |      74 |   0.0 |       0 |       4 |   0.0 |   217
           D:5 |       0 |     245 |   0.0 |       0 |      16 |   0.0 |   483
           D:6 |       0 |     711 |   0.0 |       0 |      19 |   0.0 |   508
           D:7 |       0 |    1770 |   0.0 |       0 |      31 |   0.0 |   549
           D:8 |       0 |     869 |   0.0 |       0 |      22 |   0.0 |   337
           D:9 |       0 |    5385 |   0.0 |       0 |      75 |   0.0 |  1022
          D:10 |       0 |    1455 |   0.0 |       0 |      11 |   0.0 |   443
          D:11 |       0 |    3987 |   0.0 |       0 |      38 |   0.0 |   777
          D:12 |       0 |    3070 |   0.0 |       0 |      12 |   0.0 |   449
          D:13 |       0 |    7550 |   0.0 |       0 |      29 |   0.0 |   427
          D:14 |       0 |   14069 |   0.0 |       0 |      47 |   0.0 |   716
          D:15 |       0 |   15456 |   0.0 |       0 |      45 |   0.0 |   714
        Lair:1 |       0 |    2135 |   0.0 |       0 |      13 |   0.0 |   455
        Lair:2 |       0 |    4808 |   0.0 |       0 |      42 |   0.0 |   551
        Lair:3 |       0 |    1604 |   0.0 |       0 |      10 |   0.0 |   392
        Lair:4 |       0 |    4194 |   0.0 |       0 |      18 |   0.0 |   519
        Lair:5 |       0 |   10163 |   0.0 |       0 |      32 |   0.0 |   547
        Lair:6 |       0 |   20847 |   0.0 |       0 |      66 |   0.0 |   978
       Swamp:1 |       0 |   13872 |   0.0 |       0 |      46 |   0.0 |   510
       Swamp:2 |       0 |   13243 |   0.0 |       0 |      37 |   0.0 |   550
       Swamp:3 |       0 |   10296 |   0.0 |       0 |      36 |   0.0 |   407
       Swamp:4 |       0 |   28104 |   0.0 |       0 |      62 |   0.0 |   705
      Spider:1 |       0 |    4101 |   0.0 |       0 |      15 |   0.0 |   305
      Spider:2 |       0 |    8081 |   0.0 |       0 |      26 |   0.0 |   373
      Spider:3 |       0 |   12217 |   0.0 |       0 |      27 |   0.0 |   658
      Spider:4 |       0 |   27775 |   0.0 |       0 |      67 |   0.0 |   973
         Orc:1 |       0 |    1520 |   0.0 |       0 |      17 |   0.0 |   313
         Orc:2 |       0 |   17600 |   0.0 |       0 |     120 |   0.0 |  2076
         Elf:1 |       0 |   38820 |   0.0 |       0 |      73 |   0.0 |  1293
         Elf:2 |       0 |   42030 |   0.0 |       0 |      73 |   0.0 |   922
         Elf:3 |       0 |   60062 |   0.0 |       0 |      64 |   0.0 |  1071
      Vaults:1 |       0 |    2448 |   0.0 |       0 |       6 |   0.0 |   220
      Vaults:2 |       0 |   22543 |   0.0 |       0 |      37 |   0.0 |   644
      Vaults:3 |       0 |   38070 |   0.0 |       0 |      66 |   0.0 |   788
      Vaults:4 |       0 |   49575 |   0.0 |       0 |      71 |   0.0 |  1216
      Vaults:5 |       0 |   67039 |   0.0 |       0 |      50 |   0.0 |   730
    Desolation |       0 |   42647 |   0.0 |       0 |      88 |   0.0 |   751
               +---------+---------+-------+---------+---------+-------+---------

Table legend:
 A = Turns spent in this place as a percentage of turns spent in the entire game.
 B = Non-inter-level travel turns spent in this place as a percentage of non-inter-level travel turns spent in the entire game.
 C = Inter-level travel turns spent in this place as a percentage of turns spent in this place.
 D = Turns resting spent in this place as a percentage of non-inter-level travel turns spent in this place.
 E = Turns spent auto-exploring this place as a percentage of non-inter-level travel turns spent in this place.
 F = Non-inter-level travel turns spent in this place divided by the number of levels of this place that you've seen.
                   A       B       C       D       E      F
               +-------+-------+-------+-------+-------+----------------------
         Total | 100.0 | 100.0 |   3.9 |   0.0 |   0.0 | 614.8
       Dungeon |  31.6 |  31.5 |   4.2 |   0.1 |   0.0 | 528.9
          Lair |  13.1 |  12.6 |   8.0 |   0.0 |   0.1 | 528.0
         Swamp |   8.3 |   8.3 |   3.3 |   0.0 |   0.0 | 525.2
   Spider Nest |   8.8 |   9.0 |   2.1 |   0.0 |   0.0 | 565.0
  Orcish Mines |   9.1 |   9.2 |   3.3 |   0.0 |   0.0 | 1154.5
   Elven Halls |  12.5 |  12.7 |   2.6 |   0.0 |   0.0 | 1066.3
        Vaults |  13.7 |  13.8 |   3.3 |   0.0 |   0.0 | 696.2
        Depths |   0.0 |   0.0 |   0.0 |   0.0 |   0.0 |   2.0
    Desolation |   2.9 |   3.0 |   0.0 |   0.0 |   0.0 | 751.0
               +-------+-------+-------+-------+-------+----------------------

Table legend:
 A = Kills in this place as a percentage of kills in entire the game.
 B = Kills by you in this place as a percentage of kills by you in the entire game.
 C = Kills by friends in this place as a percentage of kills by friends in the entire game.
 D = Other kills in this place as a percentage of other kills in the entire game.
 E = Experience gained in this place as a percentage of experience gained in the entire game.
 F = Experience gained in this place divided by the number of levels of this place that you have seen.
                   A       B       C       D       E      F
               +-------+-------+-------+-------+-------+----------------------
         Total | 100.0 | 100.0 | 100.0 | 100.0 | 100.0 | 14600.2
       Dungeon |  26.1 |  28.2 |  17.9 |  25.0 |   9.2 | 3654.2
          Lair |  11.5 |  11.7 |  10.6 |  16.7 |   7.3 | 7291.8
         Swamp |  11.5 |  11.0 |  14.1 |   0.0 |  10.9 | 16378.8
   Spider Nest |   8.6 |   7.4 |  13.8 |   0.0 |   8.7 | 13043.5
  Orcish Mines |   8.7 |   7.3 |  14.4 |   8.3 |   3.2 | 9560.0
   Elven Halls |  13.4 |  15.5 |   3.5 |  41.7 |  23.5 | 46970.7
        Vaults |  14.6 |  13.1 |  20.8 |   8.3 |  30.0 | 35935.0
    Desolation |   5.6 |   5.8 |   4.8 |   0.0 |   7.1 | 42647.0
               +-------+-------+-------+-------+-------+----------------------

Vault maps used:
D:1:      saegor_arrival_simple_f
D:2:      uniq_jessica
D:3:      chequers_ecumenical_altar_island, uniq_robin, uniq_natasha
D:4:      minmay_overflow_temple_star_quad, first_bread, uniq_duvessa
D:5:      lemuel_coloured_pillars_altar, minmay_temple_entry_nine_rooms
D:6:      lemuel_crystal_altar
D:7:      nicolae_overflow_crystal_walls
D:8:      lemuel_doored_altar, kennysheep_little_box,
          amethyst_overflow_temple_binary
D:9:      grunt_dithmenos_shadows, yredelemnul_forgotten_temple_becter,
          hiddenorc2_lemuel
D:10:     serial_glass, glass_columns_a, glass_columns_b, glass_columns_a,
          glass_columns_c
D:11:     lair_entry_dummy, basic_altar, nicolae_trove_entry_diagonal
D:12:     uniq_harold
D:13:     david_nohive_1
D:14:     lightli_vaults_fourway_checkpoint
D:15:     grunt_enter_depths_magical_seal, minmay_strange_pillars,
          hangedman_decor_lopped, nicolae_ru_awakened_eye
Lair:2:   lemuel_reptile_caves, spider_nest_entry_web_field,
          lemuel_fruit_fields, uniq_fannar
Lair:4:   minmay_swamp_entry_swarm, uniq_sonja
Lair:6:   evil_forest, minmay_slime_entry_eyes
Swamp:1:  wheals_swamp_sinkhole, infiniplex_staircase_pool_2
Swamp:2:  cheibrodos_swamp_monstrosity, evilmike_swamp_ruin_house_4
Swamp:3:  evilmike_swamp_ruin_rubble_2, infiniplex_staircase_pool
Swamp:4:  swamp_basic_johnstein
Spider:3: uniq_aizul
Spider:4: guppyfry_spider_rune, spiders_nest_the_unseen
Orc:1:    uniq_erolcha
Orc:2:    pf_orc_diabolical, guppyfry_library_mini, uniq_azrael
Elf:1:    elf_arrival_002, portal_ice_cave_entry_frozen_things,
          portal_desolation_entry_twin_temple, minmay_elf_necromancy
Elf:2:    serial_shops, shop, hangedman_elf_targetted_burst,
          hangedman_research_electronics, uniq_saint_roka, uniq_donald
Elf:3:    grunt_elf_hall_spiral, st_stairs_10, minivault_15
Vaults:1: grunt_tower_of_power, nicolae_vaults_circle_grid_a, v_misc_23,
          ontoclasm_vaults_pinch, nicolae_vaults_little_squares_1,
          vaults_dpeg_hooks
Vaults:2: v_pattern_1, vaults_room_boxed, st_octagons_2,
          nicolae_vaults_ring_of_whatevers, minmay_crypt_entry_necro_gods,
          nicolae_vaults_network_barrier, hangedman_vaults_stretched_pinwheel,
          ontoclasm_vaults_decontamination, vaults_standard_mumra_x,
          ontoclasm_vaults_chip, nicolae_vaults_mini_display_case
Vaults:3: nicolae_vaults_alarming, v_misc_23, grunt_vaults_diagonal,
          v_alt_pattern_5, vaults_room_grunt_arrival_checkpoint,
          hangedman_vaults_nodes, ontoclasm_vaults_chip,
          nicolae_vaults_little_squares_1, hangedman_vaults_capsules,
          ontoclasm_vaults_water_temple, serial_ice_g, v_misc_14,
          ontoclasm_vaults_fault
Vaults:4: vaults_room_pool, nicolae_vaults_an_arrangement,
          nicolae_vaults_little_squares_4, hangedman_vaults_snaps,
          nicolae_vaults_network_s, ontoclasm_vaults_gateway, v_rooms_6,
          hangedman_vaults_pinch, dpeg_vaults_monster_box,
          ontoclasm_vaults_chip, nicolae_vaults_little_squares_2, serial_shops,
          shop_statue, uniq_margery
Vaults:5: uniq_mennas, uniq_sojobo, uniq_frederick
Depths:1: pan_entry, pf_hell_entry_tar_river, nicolae_benzene_ring, minivault_1,
          hangedman_decor_diamond_cutter, nicolae_ashenzari_panopticon
